 Dungeon Crawl Stone Soup version 0.31-a0-182-gc5ef74bbde (webtiles) character file.

Game seed: 3672223021131215433

75593 qw the Severer (level 15, -2/67 HPs)
             Began as a Gargoyle Fighter on June 20, 2023.
             Was a High Priest of Okawaru.
             Killed from afar by a starcursed mass (8 damage)
             ... with an accursed screaming
             ... on level 2 of the Abyss.
             The game lasted 00:11:21 (16223 turns).

qw the Severer (Gargoyle Fighter)                  Turns: 16223, Time: 00:11:21

Health: -2/67      AC: 41    Str: 28 (29) XL:     15   Next: 50%
Magic:  18/18      EV: 18    Int:  7 (8)  God:    Okawaru [*****.]
Gold:   2160       SH: 12    Dex:  4      Spells: 14/14 levels left

rFire   x x .        x - +2 war axe (vamp)
rCold   x x .        g - +0 kite shield
rNeg    + + .        c - +8 plate armour of Qunousop {rN+}
rPois   inf          q - +1 helmet
rElec   +            C - +1 cloak
rCorr   +            u - +1 pair of gloves
SInv    .            w - +2 pair of slick slippers {slick, slippery, EV+4}
Will    +....        y - amulet of faith Stlth
                     H - ring "Monwihas" {rC+ rCorr Str+3 Int+3}
HPRegen 0.31/turn    r - +5 ring of evasion
MPRegen 0.16/turn

%: faith
@: on fire, heroic, flying, glowing, unable to read, unable to drink
A: sickness immunity, AC +11, big wings, negative energy resistance 1,
electricity resistance, torment resistance 1, petrification resistance, strong
1, [clumsy 2], [deformed body], [deterioration 2], [dopey 2], [frail 3], [low MP
2], [screaming 2], ([teleportitis 2]), [weak 2], [no potion heal 2], [cold
vulnerability 3], [heat vulnerability 2], [subdued magic 3], [inability to drink
after injury 2], [inability to read after injury 2]
a: Renounce Religion, Heroism, Finesse, Duel


You were on level 2 of the Abyss.
You worshipped Okawaru.
Okawaru was extremely pleased with you.
You visited 3 branches of the dungeon, and saw 19 of its levels.
You visited the Abyss 1 time.

You collected 2160 gold pieces.


Innate Abilities, Weirdness & Mutations

You are immune to sickness and miasma.
Your stone body is resilient. (AC +11)
You are immune to poison.
Your large and strong wings let you fly.
You resist negative energy. (rN+)
You are resistant to electric shocks. (rElec)
You are resistant to unholy torment.
You are immune to petrification.
Your muscles are strong. (Str +4, Int/Dex -1)
[You are very clumsy. (Dex -4)]
[Armour fits poorly on your strangely shaped body.]
[Your body often deteriorates upon taking damage.]
[You are very dopey. (Int -4)]
[You are extremely frail. (-30% HP)]
[Your magical capacity is very low. (-20% MP)]
[You frequently scream uncontrollably at your foes.]
[((You are often teleported next to monsters.))]
[You are very weak. (Str -4)]
[Potions cannot restore your health.]
[You are extremely vulnerable to cold. (rC---)]
[You are very vulnerable to heat. (rF--)]
[Your spells are much easier to cast, but much less powerful.]
[You sometimes lose the ability to drink potions when taking damage.]
[You sometimes lose the ability to read scrolls when taking damage.]


   Skills:
 - Level 12.1(17.1) Fighting
 + Level 15.2(20.2) Axes
 - Level 6.0(11.0) Throwing
 - Level 11.3(16.3) Armour
 - Level 2.1(7.1) Dodging
 - Level 12.0(17.0) Shields
 - Level 10.0 Invocations


You had 14 spell levels left.
You didn't know any spells.
Your spell library was empty.

Inventory:

Hand Weapons
 f - a +2 war axe of electrocution
 p - a +0 morningstar
 x - a +2 vampiric war axe (weapon)
 F - a +3 broad axe of draining
Missiles
 s - 3 boomerangs
 D - a javelin (quivered)
Armour
 c - the +8 plate armour of Qunousop (worn) {rN+}
   (Okawaru gifted it to you on level 2 of the Lair of Beasts)

   rN:        It protects you from negative energy.
 g - a +0 kite shield (worn)
 q - a +1 helmet (worn)
 u - a +1 pair of gloves (worn)
 w - the +2 pair of slick slippers (worn) {slick, slippery, EV+4}
   (You found it on level 7 of the Dungeon)

   Slick:     Its wearer cannot be constricted, engulfed, netted or webbed.
   Slippery:  Its wearer slips away from damaging melee attacks, pulling the
   attacker onward.
   EV:        It affects your evasion (+4).
 C - a +1 cloak (worn)
 G - +0 acid dragon scales
Jewellery
 i - a ring of fire
 r - a +5 ring of evasion (right hand)
 y - an amulet of faith (around neck)
 A - a +6 ring of strength
 B - a ring of ice
 H - the ring "Monwihas" (left hand) {rC+ rCorr Str+3 Int+3}
   (You found it on level 12 of the Dungeon)

   [ring of resist corrosion]

   Str:       It affects your strength (+3).
   Int:       It affects your intelligence (+3).
   rC:        It protects you from cold.
   rCorr:     It protects you from acid and corrosion.
 I - an amulet of regeneration
 Y - a ring of protection from fire
Wands
 m - a wand of digging (10)
Scrolls
 a - 5 scrolls of identify
 o - 12 scrolls of teleportation
 v - a scroll of brand weapon
Potions
 b - a potion of heal wounds
 d - 4 potions of might
 e - 9 potions of curing
 h - 5 potions of mutation
 j - 2 potions of lignification
 k - 5 potions of magic
 l - a potion of cancellation
 n - a potion of attraction
 t - 2 potions of enlightenment
 z - 2 potions of haste

Dungeon Overview and Level Annotations

Branches:
Dungeon (13/15)            Temple (1/1) D:4            Lair (5/5) D:9
 Shoals (0/4) Lair:2       Spider (0/4) Lair:3        Slime (0/5) Lair:5
    Orc (0/2) D:9
 Vaults: D:13-14

Altars:
Ashenzari
Cheibriados
Dithmenos
Elyvilon
Fedhas
Gozag
Hepliaklqana
Kikubaaqudgha
Makhleb
Nemelex Xobeh
Okawaru
Qazlal
Ru
Sif Muna
Trog
Uskayaw
Vehumet
Wu Jian
Xom
Yredelemnul
Zin
The Shining One
Jiyva

Shops:
D:12 (

Annotations:
D:6 1 runed translucent door, Crazy Yiuf
Lair:5 2 transporters, qw's ghost, journeyman MiHu


Message History

The chaos spawn is severely wounded.
You hit the ancient zyme. You block the ancient zyme's attack.
The ancient zyme hits you but does no damage.
You slice the chaos spawn!!
You kill the chaos spawn!
Okawaru accepts your kill.
The chaos spawn degenerates into a cloud of primal chaos!
You hit the starcursed mass. You slash the starcursed mass!
You hit the ancient zyme but do no damage.
You slash the smoke demon!
The starcursed mass shudders and is absorbed by its neighbour. x2
The wretched star glows turbulently.
The lance of force hits you but does no damage.
You hit the smoke demon.
The smoke demon is severely wounded.
You slash the starcursed mass!
You hit the starcursed mass but do no damage.
You hit the ancient zyme. You closely miss the wretched star.
The starcursed mass shudders and is absorbed by its neighbour.
The smoke demon hits you.
You slip backwards!
The starcursed mass barely misses you.
The starcursed mass touches you but does no damage.
Enter note:
Enter note: You hit the smoke demon.
The smoke demon is almost dead.
You hit the ancient zyme.
You hit the wretched star but do no damage.
You completely miss the starcursed mass.
You slash the starcursed mass!
The starcursed mass shudders and is absorbed by its neighbour.
The smoke demon gestures at you.
The sticky flame hits you but does no damage.
You are covered in liquid flames!
The ancient zyme hits you.
You slip backwards!
The wretched star pulses with an eldritch light!
You feel frail.
The starcursed mass shrieks in your mind.
You die...

...............#...
................ ..
............... . ..
#......##... ....
...##..%...##..# ....
..............## ...#
..........E.*..#.....
.
.........*.x.........
..........h3X@.......
. .
.....................
...............#.....#
.. ..........## ...#
##..##..##..#..#
....#. #. #..##..#...
..... ..
........#........ .
.......##..... .. ..
.##..# .#.. .. .....


You could see a starcursed mass, 2 wretched stars, an ancient zyme, an earth
elemental, a smoke demon and a raiju.

Vanquished Creatures
  2 hydras
  Harold (Lair:2)
  A rakshasa (D:12)
  3 catoblepae
  Erica (Lair:2)
  A centaur warrior (D:13)
  3 boulder beetles
  6 death yaks
  3 two-headed ogres
  An orc knight (D:12)
  An ugly thing (D:13)
  Pikel (D:5)
  5 deep elf pyromancers
  A cyclops (D:11)
  10 elephants
  A torpor snail (Lair:5)
  4 black mambas
  An orange demon (Abyss:2)
  A gargoyle (D:11)
  11 cane toads
  7 rime drakes
  An unseen horror (D:12)
  6 komodo dragons
  A hellion (Abyss:2)
  4 trolls
  9 polar bears
  A meliai (D:12)
  4 hornets (Lair:5)
  Prince Ribbit (D:5)
  2 raiju (Abyss:2)
  25 blink frogs
  8 dream sheep
  2 slime creatures (D:12)
  12 spriggans (Lair:5)
  2 wyverns (Lair:3)
  A spriggan (shapeshifter) (D:12)
  A shadow (D:12)
  A water elemental (D:12)
  2 culicivoras (Lair:3)
  3 wraiths
  A vampire (D:12)
  3 basilisks
  2 steam dragons
  42 yaks
  A chaos spawn (Abyss:2)
  2 vampire mosquitoes (D:9)
  4 acid dragons
  18 water moccasins
  Duvessa (D:4)
  An ice beast (D:7)
  A swamp drake (D:9)
  6 orc warriors
  5 sky beasts
  An ogre (D:5)
  4 black bears
  25 wolves (Lair:5)
  5 boggarts (Lair:5)
  13 centaurs
  A phantom (D:7)
  4 lemures (D:5)
  5 kobold brigands
  Blork the orc (D:5)
  2 gnoll sergeants
  5 scorpions
  11 bullfrogs
  Dowan (D:4)
  17 wights
  16 killer bees
  A howler monkey (D:6)
  5 electric eels (D:12)
  A quasit (Abyss:2)
  7 orc priests
  2 hounds
  2 jellies
  2 gnoll boudas
  4 iguanas
  2 sleepcaps
  15 orc wizards
  14 gnolls
  7 adders
  3 shadow imps (D:7)
  3 white imps
  2 ufetubi
  3 worms
  4 dart slugs
  40 orcs
  3 ball pythons
  8 endoplasms
  4 giant cockroaches
  4 goblins
  10 hobgoblins
  2 jackals (D:1)
  33 kobolds
  6 quokkas
  A bat (D:3)
  3 frilled lizards
  7 rats
547 creatures vanquished.

Vanquished Creatures (others)
  A raiju (Abyss:2)
  A gnoll (D:12)
  An ufetubus (Abyss:2)
  An orc (D:9)
4 creatures vanquished.

Grand Total: 551 creatures vanquished

Notes
Turn   | Place    | Note
-------+----------+-------------------------------------------
     0 | D:1      | qw the Gargoyle Fighter began the quest for the Orb.
     0 | D:1      | Reached XP level 1. HP: 14/14 MP: 1/1
     0 | D:1      | 0 ||| qw: Version: 0.3-a-9-g12657ce
     0 | D:1      | 0 ||| qw: Game counter: 1370
     0 | D:1      | 0 ||| qw: Always use a shield: true
     0 | D:1      | 0 ||| qw: God list: Okawaru
     0 | D:1      | 0 ||| qw: Allow faded altars: false
     0 | D:1      | 0 ||| qw: Do Orc after D:15 true
     0 | D:1      | 0 ||| qw: Do second Lair branch before Depths: true
     0 | D:1      | 0 ||| qw: Lair rune preference: random
     0 | D:1      | 0 ||| qw: Plans: Normal, Zot:1-4, Slime:5, God:TSO, Crypt,
                  | Tomb, Abyss, Pan, Hells, Win
     0 | D:1      | 0 ||| PLANNING D:1-11
    32 | D:1      | Reached skill level 2 in Axes
    60 | D:1      | Reached XP level 2. HP: 19/19 MP: 2/2
   186 | D:1      | Found a faded altar of an unknown god.
   374 | D:1      | 374 ||| Stepping ~*~*~tactically~*~*~ (hiding).
   381 | D:1      | Reached skill level 3 in Axes
   504 | D:1      | Reached XP level 3. HP: 23/23 MP: 3/3
   871 | D:1      | 871 ||| Stepping ~*~*~tactically~*~*~ (hiding).
   872 | D:1      | 872 ||| Stepping ~*~*~tactically~*~*~ (hiding).
   875 | D:1      | 875 ||| Stepping ~*~*~tactically~*~*~ (hiding).
   882 | D:1      | 882 ||| Stepping ~*~*~tactically~*~*~ (stealth).
  1012 | D:1      | 1012 ||| UPGRADING to +0 pair of boots.
  1017 | D:1      | 1017 ||| READING 2 scrolls labelled UGAMUSUSCHA.
  1018 | D:1      | 1018 ||| READING scroll labelled ABAIC TOSETYA.
  1019 | D:1      | 1019 ||| DRINKING 2 bubbling grey potions.
  1019 | D:1      | Gained mutation: Your muscles are strong. (Str +4, Int/Dex
                  | -1) [potion of mutation]
  1050 | D:2      | 1050 ||| Stepping ~*~*~tactically~*~*~ (stealth).
  1394 | D:2      | 1394 ||| Stepping ~*~*~tactically~*~*~ (hiding).
  1396 | D:2      | 1396 ||| Stepping ~*~*~tactically~*~*~ (hiding).
  1397 | D:2      | 1397 ||| Stepping ~*~*~tactically~*~*~ (hiding).
  1544 | D:2      | 1544 ||| DROPPING ring of flight.
  1545 | D:2      | 1545 ||| READING 2 scrolls labelled HIRISA VAYLERCH.
  1546 | D:2      | 1546 ||| DRINKING 3 purple potions.
  1547 | D:2      | 1547 ||| DROPPING scroll of noise.
  1599 | D:3      | Reached skill level 1 in Throwing
  1601 | D:3      | 1601 ||| DROPPING +0 club.
  1667 | D:3      | 1667 ||| Stepping ~*~*~tactically~*~*~ (hiding).
  1668 | D:3      | 1668 ||| FLEEEEING.
  1669 | D:3      | 1669 ||| FLEEEEING.
  1670 | D:3      | 1670 ||| FLEEEEING.
  1671 | D:3      | 1671 ||| FLEEEEING.
  1672 | D:3      | 1672 ||| FLEEEEING.
  1673 | D:3      | 1673 ||| FLEEEEING.
  1674 | D:3      | 1674 ||| FLEEEEING.
  1676 | D:3      | 1676 ||| Stepping ~*~*~tactically~*~*~ (hiding).
  1710 | D:3      | Reached XP level 4. HP: 28/28 MP: 4/4
  1722 | D:3      | 1722 ||| Stepping ~*~*~tactically~*~*~ (stealth).
  1932 | D:3      | Reached skill level 4 in Axes
  2148 | D:3      | 2148 ||| Stepping ~*~*~tactically~*~*~ (stealth).
  2262 | D:3      | 2262 ||| UPGRADING to +0 helmet.
  2267 | D:3      | 2267 ||| READING scroll labelled ORISEL PODEAM.
  2268 | D:3      | 2268 ||| READING 2 scrolls labelled DEVUOP NITYU.
  2269 | D:3      | 2269 ||| READING scroll of enchant weapon.
  2269 | D:3      | 2269 ||| ENCHANTING +1 war axe.
  2270 | D:3      | 2270 ||| READING 2 scrolls labelled DINAUCW SUERUSH.
  2273 | D:3      | 2273 ||| READING scroll labelled ILI KYUNWUEXOA.
  2274 | D:3      | 2274 ||| READING 2 scrolls of identify.
  2274 | D:3      | 2274 ||| IDENTIFYING lumpy brown potion
  2275 | D:3      | 2275 ||| DROPPING potion of invisibility.
  2332 | D:4      | Reached XP level 5. HP: 32/32 MP: 5/5
  2395 | D:4      | 2395 ||| DRINKING 4 potions of curing.
  2395 | D:4      | 2395 ||| (to cure confusion)
  2400 | D:4      | Reached skill level 5 in Axes
  2490 | D:4      | 2490 ||| DROPPING +0 whip.
  2510 | D:4      | Found a snail-covered altar of Cheibriados.
  2547 | D:4      | Found a staircase to the Ecumenical Temple.
  2548 | D:4      | 2548 ||| PLANNING TEMPLE
  2548 | D:4      | 2548 ||| Stepping ~*~*~tactically~*~*~ (hiding).
  2561 | D:4      | 2561 ||| DRINKING 4 potions of curing.
  2561 | D:4      | 2561 ||| (to cure confusion)
  2563 | D:4      | Reached XP level 6. HP: 23/38 MP: 6/6
  2564 | D:4      | 2564 ||| FLEEEEING.
  2565 | D:4      | 2565 ||| FLEEEEING.
  2638 | Temple   | Entered the Ecumenical Temple
  2732 | Temple   | 2732 ||| PLANNING OKAWARU WORSHIP
  2844 | Temple   | Became a worshipper of Warmaster Okawaru
  2845 | Temple   | 2845 ||| PLANNING D:1-11
  2890 | D:4      | 2890 ||| DROPPING +0 mace.
  2944 | D:4      | Noticed Dowan
  2944 | D:4      | Noticed Duvessa
  2953 | D:4      | Killed Duvessa
  2953 | D:4      | Reached * piety under Okawaru
  2954 | D:4      | Reached skill level 6 in Axes
  2954 | D:4      | Reached XP level 7. HP: 35/43 MP: 7/7
  2954 | D:4      | 2954 ||| INVOKING Heroism.
  2964 | D:4      | Killed Dowan
  2965 | D:4      | Reached skill level 1 in Dodging
  2971 | D:4      | 2971 ||| Stepping ~*~*~tactically~*~*~ (stealth).
  2974 | D:4      | 2974 ||| Stepping ~*~*~tactically~*~*~ (stealth).
  2975 | D:4      | 2975 ||| Stepping ~*~*~tactically~*~*~ (stealth).
  3278 | D:4      | Found a bloodstained altar of Trog.
  3302 | D:4      | 3302 ||| UPGRADING to +0 storm dragon scales.
  3312 | D:4      | 3312 ||| DROPPING +0 scale mail.
  3313 | D:4      | 3313 ||| READING scroll labelled BUUFIS WIYLERU.
  3314 | D:4      | 3314 ||| DRINKING 2 puce potions.
  3342 | D:5      | Entered Level 5 of the Dungeon
  3437 | D:5      | 3437 ||| Stepping ~*~*~tactically~*~*~ (hiding).
  3551 | D:5      | Noticed Pikel
  3551 | D:5      | 3551 ||| INVOKING Heroism.
  3567 | D:5      | HP: 9/43 [Pikel/+2 whip of freezing (2)]
  3568 | D:5      | 3568 ||| READING 2 scrolls of teleportation.
  3569 | D:5      | 3569 ||| DRINKING potion of heal wounds.
  3589 | D:5      | Killed Pikel
  3590 | D:5      | Reached skill level 8 in Axes
  3590 | D:5      | Reached XP level 8. HP: 33/48 MP: 8/8
  3648 | D:5      | 3648 ||| Stepping ~*~*~tactically~*~*~ (hiding).
  3656 | D:5      | Reached skill level 1 in Invocations
  3677 | D:5      | 3677 ||| Stepping ~*~*~tactically~*~*~ (hiding).
  3689 | D:5      | Reached ** piety under Okawaru
  3750 | D:5      | 3750 ||| INVOKING Heroism.
  3818 | D:5      | Noticed Prince Ribbit
  3820 | D:5      | 3820 ||| INVOKING Heroism.
  3836 | D:5      | Killed Prince Ribbit
  3837 | D:5      | Reached skill level 3 in Invocations
  3959 | D:5      | 3959 ||| Stepping ~*~*~tactically~*~*~ (stealth).
  3961 | D:5      | 3961 ||| Stepping ~*~*~tactically~*~*~ (stealth).
  4053 | D:5      | 4053 ||| Stepping ~*~*~tactically~*~*~ (stealth).
  4054 | D:5      | 4054 ||| Stepping ~*~*~tactically~*~*~ (stealth).
  4084 | D:5      | 4084 ||| Stepping ~*~*~tactically~*~*~ (hiding).
  4085 | D:5      | 4085 ||| Stepping ~*~*~tactically~*~*~ (hiding).
  4086 | D:5      | 4086 ||| Stepping ~*~*~tactically~*~*~ (hiding).
  4242 | D:5      | Reached XP level 9. HP: 55/55 MP: 12/12
  4260 | D:5      | Reached skill level 6 in Fighting
  4348 | D:5      | Noticed Blork the orc
  4349 | D:5      | 4349 ||| INVOKING Heroism.
  4354 | D:5      | Killed Blork the orc
  4434 | D:5      | 4434 ||| READING scroll labelled QOMEAKAPIE.
  4435 | D:5      | 4435 ||| DRINKING 2 green potions.
  4436 | D:5      | 4436 ||| DROPPING potion of brilliance.
  4443 | D:6      | 4443 ||| STAIRDANCE
  4553 | D:6      | 4553 ||| INVOKING Heroism.
  4554 | D:6      | 4554 ||| Stepping ~*~*~tactically~*~*~ (stealth).
  4562 | D:6      | Reached skill level 9 in Axes
  4567 | D:6      | 4567 ||| Stepping ~*~*~tactically~*~*~ (stealth).
  4601 | D:6      | 4601 ||| Stepping ~*~*~tactically~*~*~ (stealth).
  4627 | D:6      | Reached *** piety under Okawaru
  4683 | D:6      | 4683 ||| Stepping ~*~*~tactically~*~*~ (stealth).
  4685 | D:6      | 4685 ||| Stepping ~*~*~tactically~*~*~ (stealth).
  4687 | D:6      | 4687 ||| Stepping ~*~*~tactically~*~*~ (hiding).
  4689 | D:6      | 4689 ||| Stepping ~*~*~tactically~*~*~ (hiding).
  4843 | D:6      | Found a hide-covered altar of Uskayaw.
  4905 | D:6      | Found a shadowy altar of Dithmenos.
  5038 | D:6      | Found a runed translucent door.
  5039 | D:6      | Noticed Crazy Yiuf
  5127 | D:6      | 5127 ||| READING scroll labelled ZEGOM VUPPAMY.
  5128 | D:6      | 5128 ||| DRINKING 3 fuming purple potions.
  5158 | D:6      | 5158 ||| DRINKING 2 fuming puce potions.
  5159 | D:6      | 5159 ||| READING 2 scrolls of identify.
  5159 | D:6      | 5159 ||| IDENTIFYING metallic white potion
  5160 | D:6      | 5160 ||| DROPPING potion of ambrosia.
  5183 | D:7      | 5183 ||| PLANNING OSSUARY
  5189 | D:7      | Reached skill level 6 in Armour
  5190 | D:7      | 5190 ||| STAIRDANCE
  5193 | D:6      | 5193 ||| INVOKING Heroism.
  5303 | D:7      | 5303 ||| STAIRDANCE
  5405 | D:7      | Reached XP level 10. HP: 63/63 MP: 13/13
  5523 | D:7      | Found the +2 pair of slick slippers {slick, slippery, EV+4}
  5566 | D:7      | Reached skill level 10 in Axes
  5610 | D:7      | 5610 ||| Stepping ~*~*~tactically~*~*~ (stealth).
  5611 | D:7      | 5611 ||| Stepping ~*~*~tactically~*~*~ (stealth).
  5625 | D:7      | 5625 ||| Stepping ~*~*~tactically~*~*~ (hiding).
  5626 | D:7      | 5626 ||| Stepping ~*~*~tactically~*~*~ (hiding).
  5627 | D:7      | 5627 ||| Stepping ~*~*~tactically~*~*~ (hiding).
  5816 | D:7      | 5816 ||| INVOKING Heroism.
  5878 | D:7      | Found a stormy altar of Qazlal.
  5910 | D:7      | 5910 ||| RIP OSSUARY
  5938 | D:7      | 5938 ||| PLANNING D:1-11
  5938 | D:7      | 5938 ||| Stepping ~*~*~tactically~*~*~ (hiding).
  6076 | D:7      | 6076 ||| Stepping ~*~*~tactically~*~*~ (hiding).
  6078 | D:7      | 6078 ||| Stepping ~*~*~tactically~*~*~ (hiding).
  6082 | D:7      | 6082 ||| INVOKING Heroism.
  6439 | D:7      | 6439 ||| UPGRADING to +2 pair of boots.
  6449 | D:7      | 6449 ||| DROPPING +0 pair of boots.
  6450 | D:7      | 6450 ||| UPGRADING to +2 pair of slick slippers {slick,
                  | slippery, EV+4}.
  6460 | D:7      | 6460 ||| DROPPING +2 pair of boots.
  6461 | D:7      | 6461 ||| UPGRADING to amulet of faith.
  6466 | D:7      | 6466 ||| UPGRADING to +5 ring of evasion.
  6467 | D:7      | 6467 ||| READING scroll labelled MEOPPAKIRI.
  6468 | D:7      | 6468 ||| DRINKING 2 dark potions.
  6469 | D:7      | 6469 ||| READING 2 scrolls of identify.
  6469 | D:7      | 6469 ||| IDENTIFYING pink potion
  6502 | D:8      | Found a sacrificial altar of Ru.
  6550 | D:8      | 6550 ||| Stepping ~*~*~tactically~*~*~ (stealth).
  6561 | D:8      | 6561 ||| Stepping ~*~*~tactically~*~*~ (hiding).
  6562 | D:8      | 6562 ||| Stepping ~*~*~tactically~*~*~ (hiding).
  6567 | D:8      | Reached **** piety under Okawaru
  6680 | D:8      | 6680 ||| READING scroll of enchant armour.
  6680 | D:8      | 6680 ||| ENCHANTING +0 helmet.
  6706 | D:8      | 6706 ||| Stepping ~*~*~tactically~*~*~ (hiding).
  6885 | D:8      | 6885 ||| Stepping ~*~*~tactically~*~*~ (hiding).
  6947 | D:8      | 6947 ||| DROPPING +0 flail.
  6953 | D:8      | 6953 ||| Stepping ~*~*~tactically~*~*~ (stealth).
  6978 | D:8      | 6978 ||| FLEEEEING.
  6979 | D:8      | 6979 ||| STAIRDANCE
  7183 | D:8      | 7183 ||| INVOKING Heroism.
  7210 | D:8      | 7210 ||| Stepping ~*~*~tactically~*~*~ (stealth).
  7257 | D:8      | 7257 ||| DROPPING +0 flail of protection.
  7550 | D:8      | 7550 ||| DROPPING +6 hand axe.
  7580 | D:8      | 7580 ||| READING scroll labelled WASUNY CEARRO.
  7632 | D:9      | 7632 ||| Stepping ~*~*~tactically~*~*~ (hiding).
  7654 | D:9      | 7654 ||| Stepping ~*~*~tactically~*~*~ (stealth).
  7656 | D:9      | 7656 ||| Stepping ~*~*~tactically~*~*~ (stealth).
  7668 | D:9      | 7668 ||| Stepping ~*~*~tactically~*~*~ (hiding).
  7693 | D:9      | Received a gift from Okawaru
  7705 | D:9      | Reached skill level 6 in Invocations
  7726 | D:9      | 7726 ||| Stepping ~*~*~tactically~*~*~ (stealth).
  7728 | D:9      | 7728 ||| Stepping ~*~*~tactically~*~*~ (hiding).
  7745 | D:9      | 7745 ||| INVOKING Heroism.
  7763 | D:9      | Found a staircase to the Lair.
  7796 | D:9      | 7796 ||| Stepping ~*~*~tactically~*~*~ (hiding).
  7931 | D:9      | Found a glowing golden altar of the Shining One.
  7950 | D:9      | Reached skill level 11 in Axes
  7964 | D:9      | Noticed a two-headed ogre
  7966 | D:9      | 7966 ||| INVOKING Heroism.
  7976 | D:9      | Killed a two-headed ogre
  7976 | D:9      | Reached ***** piety under Okawaru
  7977 | D:9      | Reached XP level 11. HP: 68/69 MP: 13/16
  8002 | D:9      | Found a white marble altar of Elyvilon.
  8094 | D:9      | 8094 ||| INVOKING Heroism.
  8116 | D:9      | 8116 ||| INVOKING Heroism.
  8144 | D:9      | Found an ornate altar of the Wu Jian Council.
  8271 | D:9      | 8271 ||| INVOKING Heroism.
  8290 | D:9      | 8290 ||| DRINKING 8 potions of curing.
  8290 | D:9      | 8290 ||| (to cure confusion)
  8297 | D:9      | 8297 ||| Stepping ~*~*~tactically~*~*~ (stealth).
  8303 | D:9      | 8303 ||| Stepping ~*~*~tactically~*~*~ (stealth).
  8307 | D:9      | 8307 ||| Stepping ~*~*~tactically~*~*~ (stealth).
  8331 | D:9      | Found a staircase to the Orcish Mines.
  8336 | D:9      | 8336 ||| INVOKING Heroism.
  8350 | D:9      | Reached skill level 9 in Fighting
  8708 | D:9      | 8708 ||| PLANNING LAIR
  8708 | D:9      | 8708 ||| UPGRADING to +0 kite shield.
  8718 | D:9      | 8718 ||| DROPPING +0 buckler.
  8719 | D:9      | 8719 ||| UPGRADING to +1 cloak.
  8724 | D:9      | 8724 ||| DROPPING potion of degeneration.
  8762 | Lair:1   | Entered Level 1 of the Lair of Beasts
  8763 | Lair:1   | 8763 ||| INVOKING Heroism.
  8796 | Lair:1   | Reached skill level 6 in Shields
  8823 | Lair:1   | 8823 ||| Stepping ~*~*~tactically~*~*~ (stealth).
  8844 | Lair:1   | Received a gift from Okawaru
  8845 | Lair:1   | Reached skill level 9 in Invocations
  8872 | Lair:1   | 8872 ||| INVOKING Heroism.
  8959 | Lair:1   | 8959 ||| INVOKING Heroism.
  9024 | Lair:1   | 9024 ||| INVOKING Heroism.
  9242 | Lair:1   | 9242 ||| INVOKING Heroism.
  9403 | Lair:1   | 9403 ||| READING scroll labelled SEDIWE BEMMIONT.
  9424 | Lair:2   | Noticed Erica
  9425 | Lair:2   | 9425 ||| INVOKING Heroism.
  9426 | Lair:2   | 9426 ||| INVOKING Finesse.
  9441 | Lair:2   | Reached XP level 12. HP: 76/76 MP: 12/19
  9443 | Lair:2   | Killed Erica
  9443 | Lair:2   | Identified the +8 plate armour of Qunousop {rN+} (Okawaru
                  | gifted it to you on level 2 of the Lair of Beasts)
  9443 | Lair:2   | Received a gift from Okawaru
  9450 | Lair:2   | Reached skill level 9 in Shields
  9541 | Lair:2   | 9541 ||| Stepping ~*~*~tactically~*~*~ (stealth).
  9543 | Lair:2   | 9543 ||| INVOKING Heroism.
  9601 | Lair:2   | 9601 ||| INVOKING Heroism.
  9779 | Lair:2   | Found a staircase to the Shoals.
  9786 | Lair:2   | Noticed Harold
  9787 | Lair:2   | 9787 ||| Stepping ~*~*~tactically~*~*~ (hiding).
  9788 | Lair:2   | 9788 ||| INVOKING Heroism.
  9812 | Lair:2   | Killed Harold
 10020 | Lair:2   | Found a hide-covered altar of Uskayaw.
 10020 | Lair:2   | Found an ornate altar of the Wu Jian Council.
 10020 | Lair:2   | Noticed a boulder beetle
 10021 | Lair:2   | 10021 ||| INVOKING Heroism.
 10022 | Lair:2   | 10022 ||| INVOKING Finesse.
 10055 | Lair:2   | Killed a boulder beetle
 10229 | Lair:2   | 10229 ||| UPGRADING to +8 plate armour of Qunousop {rN+}.
 10239 | Lair:2   | 10239 ||| DROPPING +0 storm dragon scales.
 10240 | Lair:2   | 10240 ||| UPGRADING to +0 pair of gloves.
 10245 | Lair:2   | 10245 ||| READING 2 scrolls of identify.
 10245 | Lair:2   | 10245 ||| IDENTIFYING inky potion
 10246 | Lair:2   | 10246 ||| DRINKING potion of experience.
 10246 | Lair:2   | Reached XP level 13. HP: 80/80 MP: 20/20
 10255 | Lair:3   | 10255 ||| PLANNING GAUNTLET
 10267 | Lair:3   | Reached skill level 12 in Axes
 10318 | Lair:3   | Received a gift from Okawaru
 10332 | Lair:3   | 10332 ||| INVOKING Heroism.
 10355 | Lair:3   | Reached skill level 3 in Throwing
 10363 | Lair:3   | Received a gift from Okawaru
 10365 | Lair:3   | 10365 ||| Stepping ~*~*~tactically~*~*~ (stealth).
 10379 | Lair:3   | 10379 ||| Stepping ~*~*~tactically~*~*~ (stealth).
 10384 | Lair:3   | 10384 ||| Stepping ~*~*~tactically~*~*~ (hiding).
 10405 | Lair:3   | Found a hole to the Spider Nest.
 10434 | Lair:3   | 10434 ||| INVOKING Heroism.
 10551 | Lair:3   | 10551 ||| INVOKING Heroism.
 10552 | Lair:3   | 10552 ||| INVOKING Finesse.
 10631 | Lair:3   | 10631 ||| INVOKING Heroism.
 10632 | Lair:3   | 10632 ||| INVOKING Finesse.
 10637 | Lair:3   | 10637 ||| SWAPPING to +0 morningstar.
 10639 | Lair:3   | 10639 ||| SWAPPING to +2 vampiric war axe.
 10698 | Lair:3   | 10698 ||| RIP GAUNTLET
 10709 | Lair:3   | 10709 ||| PLANNING LAIR
 10822 | Lair:3   | Gained mutation: Your large and strong wings let you fly.
                  | [Gargoyle growth]
 10822 | Lair:3   | Reached XP level 14. HP: 81/87 MP: 21/21
 11108 | Lair:3   | 11108 ||| DROPPING +2 hat of stealth.
 11109 | Lair:3   | 11109 ||| READING scroll labelled DOEVUABAXT.
 11110 | Lair:3   | 11110 ||| READING scroll labelled HEITTY XEPROKA.
 11110 | Lair:3   | Identified a scroll of acquirement
 11110 | Lair:3   | 11110 ||| ACQUIRING 936 gold pieces
 11110 | Lair:3   | Acquired 936 gold pieces
 11128 | Lair:4   | 11128 ||| STAIRDANCE
 11156 | Lair:4   | 11156 ||| INVOKING Heroism.
 11157 | Lair:4   | 11157 ||| INVOKING Finesse.
 11257 | Lair:4   | 11257 ||| INVOKING Heroism.
 11495 | Lair:4   | 11495 ||| READING 2 scrolls of identify.
 11495 | Lair:4   | 11495 ||| IDENTIFYING orange potion
 11496 | Lair:4   | 11496 ||| DROPPING potion of berserk rage.
 11504 | Lair:5   | Entered Level 5 of the Lair of Beasts
 11552 | Lair:5   | 11552 ||| INVOKING Heroism.
 11567 | Lair:5   | 11567 ||| Stepping ~*~*~tactically~*~*~ (stealth).
 11590 | Lair:5   | 11590 ||| Stepping ~*~*~tactically~*~*~ (stealth).
 11591 | Lair:5   | 11591 ||| Stepping ~*~*~tactically~*~*~ (stealth).
 11592 | Lair:5   | 11592 ||| Stepping ~*~*~tactically~*~*~ (stealth).
 11614 | Lair:5   | Found a transporter.
 11620 | Lair:5   | 11620 ||| Stepping ~*~*~tactically~*~*~ (stealth).
 11653 | Lair:5   | Reached skill level 13 in Axes
 11671 | Lair:5   | Found a transporter.
 11675 | Lair:5   | Noticed qw's ghost (journeyman MiHu)
 11676 | Lair:5   | Found a bloodstained altar of Trog.
 11705 | Lair:5   | 11705 ||| Stepping ~*~*~tactically~*~*~ (stealth).
 11706 | Lair:5   | 11706 ||| Stepping ~*~*~tactically~*~*~ (stealth).
 11711 | Lair:5   | 11711 ||| INVOKING Heroism.
 11726 | Lair:5   | Received a gift from Okawaru
 11733 | Lair:5   | 11733 ||| Stepping ~*~*~tactically~*~*~ (stealth).
 11735 | Lair:5   | 11735 ||| Stepping ~*~*~tactically~*~*~ (stealth).
 11739 | Lair:5   | 11739 ||| Stepping ~*~*~tactically~*~*~ (stealth).
 11742 | Lair:5   | 11742 ||| Stepping ~*~*~tactically~*~*~ (stealth).
 11783 | Lair:5   | 11783 ||| INVOKING Heroism.
 11784 | Lair:5   | 11784 ||| INVOKING Finesse.
 11852 | Lair:5   | 11852 ||| Stepping ~*~*~tactically~*~*~ (stealth).
 11880 | Lair:5   | Received a gift from Okawaru
 11892 | Lair:5   | 11892 ||| INVOKING Heroism.
 11925 | Lair:5   | Found the +6 lightning scales {swift, rElec}
 12102 | Lair:5   | Reached skill level 14 in Axes
 12124 | Lair:5   | 12124 ||| FLEEEEING.
 12124 | Lair:5   | Found a viscous altar of Jiyva.
 12124 | Lair:5   | Found a staircase to the Slime Pits.
 12125 | Lair:5   | 12125 ||| FLEEEEING.
 12126 | Lair:5   | 12126 ||| FLEEEEING.
 12127 | Lair:5   | 12127 ||| FLEEEEING.
 12128 | Lair:5   | 12128 ||| FLEEEEING.
 12129 | Lair:5   | 12129 ||| FLEEEEING.
 12130 | Lair:5   | 12130 ||| FLEEEEING.
 12131 | Lair:5   | 12131 ||| FLEEEEING.
 12139 | Lair:5   | 12139 ||| INVOKING Heroism.
 12191 | Lair:5   | 12191 ||| Stepping ~*~*~tactically~*~*~ (stealth).
 12192 | Lair:5   | 12192 ||| Stepping ~*~*~tactically~*~*~ (stealth).
 12344 | Lair:5   | 12344 ||| Stepping ~*~*~tactically~*~*~ (stealth).
 12346 | Lair:5   | 12346 ||| Stepping ~*~*~tactically~*~*~ (stealth).
 12347 | Lair:5   | 12347 ||| INVOKING Heroism.
 12357 | Lair:5   | Received a gift from Okawaru
 12453 | Lair:5   | 12453 ||| INVOKING Heroism.
 12468 | Lair:5   | 12468 ||| SWAPPING to +0 morningstar.
 12474 | Lair:5   | 12474 ||| SWAPPING to +2 vampiric war axe.
 12482 | Lair:5   | 12482 ||| SWAPPING to +0 morningstar.
 12499 | Lair:5   | 12499 ||| INVOKING Heroism.
 12504 | Lair:5   | 12504 ||| SWAPPING to +2 vampiric war axe.
 12541 | Lair:5   | 12541 ||| INVOKING Heroism.
 12615 | Lair:5   | 12615 ||| Stepping ~*~*~tactically~*~*~ (stealth).
 12686 | Lair:5   | 12686 ||| INVOKING Heroism.
 12750 | Lair:5   | 12750 ||| INVOKING Heroism.
 12777 | Lair:5   | 12777 ||| Stepping ~*~*~tactically~*~*~ (stealth).
 12778 | Lair:5   | 12778 ||| Stepping ~*~*~tactically~*~*~ (stealth).
 12790 | Lair:5   | 12790 ||| Stepping ~*~*~tactically~*~*~ (stealth).
 12831 | Lair:5   | 12831 ||| INVOKING Heroism.
 12904 | Lair:5   | 12904 ||| INVOKING Heroism.
 12906 | Lair:5   | Reached skill level 12 in Shields
 12977 | Lair:5   | 12977 ||| Stepping ~*~*~tactically~*~*~ (stealth).
 12979 | Lair:5   | 12979 ||| INVOKING Heroism.
 13012 | Lair:5   | 13012 ||| INVOKING Heroism.
 13053 | Lair:5   | Identified the +0 quarterstaff of Extremism {chaos, rPois
                  | Will- Int-2 Dex+5}
 13227 | Lair:5   | 13227 ||| PLANNING D:1-11
 13227 | Lair:5   | 13227 ||| UPGRADING to ring of protection from fire.
 13228 | Lair:5   | 13228 ||| DRINKING 2 clear potions.
 13320 | D:10     | Entered Level 10 of the Dungeon
 13393 | D:10     | Reached XP level 15. HP: 92/94 MP: 22/22
 13511 | D:10     | Found an opulent altar of Gozag.
 13520 | D:10     | Found a basalt altar of Yredelemnul.
 13804 | D:11     | 13804 ||| Stepping ~*~*~tactically~*~*~ (hiding).
 13905 | D:11     | Reached skill level 6 in Throwing
 13919 | D:11     | 13919 ||| Stepping ~*~*~tactically~*~*~ (hiding).
 13920 | D:11     | 13920 ||| Stepping ~*~*~tactically~*~*~ (hiding).
 13966 | D:11     | Found a frozen archway.
 14090 | D:11     | 14090 ||| Stepping ~*~*~tactically~*~*~ (hiding).
 14459 | D:11     | 14459 ||| Stepping ~*~*~tactically~*~*~ (hiding).
 14461 | D:11     | 14461 ||| Stepping ~*~*~tactically~*~*~ (hiding).
 14463 | D:11     | 14463 ||| Stepping ~*~*~tactically~*~*~ (hiding).
 14607 | D:11     | 14607 ||| Stepping ~*~*~tactically~*~*~ (stealth).
 14677 | D:11     | 14677 ||| PLANNING D
 14831 | D:12     | 14831 ||| Stepping ~*~*~tactically~*~*~ (hiding).
 14833 | D:12     | 14833 ||| INVOKING Heroism.
 14860 | D:12     | Received a gift from Okawaru
 14863 | D:12     | Reached skill level 15 in Axes
 14879 | D:12     | 14879 ||| INVOKING Heroism.
 14895 | D:12     | Identified the +6 falchion of the Skies Above {heavy, *Rage
                  | rN+ Will+ Dex+4} (Okawaru gifted it to you on level 12 of
                  | the Dungeon)
 14895 | D:12     | Received a gift from Okawaru
 15078 | D:12     | 15078 ||| DROPPING +4 war axe.
 15087 | D:12     | Identified the ring "Monwihas" {rC+ rCorr Str+3 Int+3}
 15215 | D:12     | 15215 ||| FLEEEEING.
 15216 | D:12     | 15216 ||| FLEEEEING.
 15313 | D:12     | 15313 ||| READING scroll of enchant armour.
 15313 | D:12     | 15313 ||| ENCHANTING +0 pair of gloves.
 15379 | D:12     | Found Celeelei's Antique Weapon Boutique.
 15395 | D:12     | 15395 ||| Stepping ~*~*~tactically~*~*~ (hiding).
 15397 | D:12     | 15397 ||| Stepping ~*~*~tactically~*~*~ (hiding).
 15398 | D:12     | 15398 ||| Stepping ~*~*~tactically~*~*~ (hiding).
 15532 | D:12     | 15532 ||| Stepping randomly (disturbance).
 15533 | D:12     | 15533 ||| Stepping randomly (disturbance).
 15534 | D:12     | 15534 ||| FLEEEEING.
 15535 | D:12     | 15535 ||| FLEEEEING.
 15536 | D:12     | 15536 ||| FLEEEEING.
 15542 | D:12     | 15542 ||| FLEEEEING.
 15543 | D:12     | 15543 ||| FLEEEEING.
 15562 | D:12     | 15562 ||| Stepping ~*~*~tactically~*~*~ (hiding).
 15680 | D:12     | 15680 ||| Stepping ~*~*~tactically~*~*~ (stealth).
 16003 | D:12     | 16003 ||| DROPPING amulet of guardian spirit.
 16004 | D:12     | 16004 ||| UPGRADING to ring "Monwihas" {rC+ rCorr Str+3
                  | Int+3}.
 16006 | D:12     | 16006 ||| UPGRADING to +5 ring of evasion.
 16073 | D:13     | Reached skill level 12 in Fighting
 16084 | Abyss:2  | Cast into level 2 of the Abyss (a wizard)
 16105 | Abyss:2  | 16105 ||| Stepping ~*~*~tactically~*~*~ (hiding).
 16150 | Abyss:2  | 16150 ||| Stepping ~*~*~tactically~*~*~ (stealth).
 16156 | Abyss:2  | 16156 ||| Stepping ~*~*~tactically~*~*~ (stealth).
 16159 | Abyss:2  | 16159 ||| Stepping ~*~*~tactically~*~*~ (hiding).
 16160 | Abyss:2  | 16160 ||| Stepping ~*~*~tactically~*~*~ (hiding).
 16163 | Abyss:2  | 16163 ||| INVOKING Heroism.
 16172 | Abyss:2  | 16172 ||| Stepping ~*~*~tactically~*~*~ (stealth).
 16173 | Abyss:2  | 16173 ||| Stepping ~*~*~tactically~*~*~ (stealth).
 16174 | Abyss:2  | 16174 ||| Stepping ~*~*~tactically~*~*~ (stealth).
 16217 | Abyss:2  | 16217 ||| INVOKING Heroism.
 16219 | Abyss:2  | HP: 12/76 [smoke demon/divine providence (12)]
 16223 | Abyss:2  | Killed from afar by a starcursed mass

Levels and vault maps discovered:
D:1:      ldierk_walled_garden_2, layout_loops_corners,
          ebering_ecumenical_altar_rust, st_stairs_3
D:2:      layout_rooms
D:3:      layout_loops_ring, minmay_misc_feat_nine_boxes
D:4:      layout_basic, cheibrodos_worm_habitat, trog_butcher_becter,
          minmay_temple_entry_arrows, dk_vineyard_1, uniq_duvessa
D:5:      layout_loops_cross, chequers_serial_rivers_micro_e, uniq_pikel,
          uniq_prince_ribbit1, uniq_blork_the_orc
D:6:      layout_rooms, eat_drink_and_be_merry_uskayaw,
          nicolae_dithmenos_the_darkroom, uniq_crazy_yiuf_cottage
D:7:      layout_basic, mainiacjoe_overflow_alcove_4,
          nicolae_ossuary_entry_monument
D:8:      layout_basic, nicolae_overflow_crystal_walls
D:9:      layout_loops_ring, nicolae_wu_jian_wuxing_cycle,
          nicolae_tso_carved_into_rock, elyvilon_altar_4, dpeg_oklobed_lair,
          erik_orc_1
D:10:     layout_cave_pools, mainiacjoe_overflow_tiny_flanked,
          yredelemnul_altar_generic
D:11:     layout_stronghold, portal_ice_cave_rime
D:12:     minmay_the_grid_triangle_9x9_rhombus_thin_mashed
          [minmay_the_grid_triangle_9x9_limited_checkers,
          minmay_the_grid_triangle_9x9_prize_center,
          minmay_the_grid_triangle_9x9_semitri,
          minmay_the_grid_triangle_9x9_zippers_horizontal], layout_loops_cross,
          serial_bayou, serial_bayou_pond_c, serial_bayou_pond_e,
          serial_bayou_pond_c, serial_bayou_lake_a, serial_shops, shop
D:13:     layout_irregular_city, serial_shops, nicolae_shop_real_fake_doors,
          nicolae_shop_just_a_little_nook, nicolae_shop_tiny_glass,
          kennysheep_little_box, nicolae_shop_tiny_glass, minmay_ruined_shrine,
          uniq_sonja
Temple:   minmay_temple_curvy_loop
Lair:1:   layout_cave_shapes
Lair:2:   layout_hall_layers, elwin_shoals_entry_rocks,
          nzn_masters_of_martial_movement, uniq_erica, uniq_harold
Lair:3:   layout_hall_layers, hellmonk_spider_entry_life_and_decay,
          gauntlet_entry_generic, infiniplex_staircase_pool_2
Lair:4:   layout_hall_layers
Lair:5:   minmay_lair_end_enchanted_forest, layout_long_grid, slime_entry_1,
          gammafunk_ghost_wrathful_warriors, grunt_megastairs_2
Abyss:2:  base: D:5, evilmike_abyss_exit_6

Skill      XL: |  1  2  3  4  5  6  7  8  9 10 11 12 13 14 15 |
---------------+----------------------------------------------+-----
Axes           | 2 3 4 5 6 8 9 11 12 14 15 | 15.2
Throwing       | 1 2 4 5 6 |  6.0
Fighting       | 4 5 7 8 9 11 12 | 12.1
Dodging        | 1 2 |  2.1
Invocations    | 4 7 10 | 10.0
Armour         | 4 6 11 | 11.3
Shields        | 4 5 8 10 12 | 12.0

Action                     |  1- 3 |  4- 6 |  7- 9 | 10-12 | 13-15 || total
---------------------------+-------+-------+-------+-------+-------++-------
  Melee: War axe           |   108 |    99 |   242 |   675 |  1079 ||  2203
         Morningstar       |       |       |       |       |    26 ||    26
  Throw: Javelin           |     3 |       |       |    14 |   148 ||   165
         Boomerang         |       |    24 |    28 |     4 |     5 ||    61
 Invoke: Heroism           |       |       |     7 |    19 |    25 ||    51
         Finesse           |       |       |       |     2 |     4 ||     6
    Use: Scroll            |     3 |     6 |     5 |     6 |     4 ||    24
         Potion            |     2 |     2 |     5 |     3 |     1 ||    13
 Armour: Scale mail        |    56 |    51 |    22 |       |       ||   129
         Storm dragon scal |       |       |   144 |   219 |       ||   363
         Plate armour      |       |       |       |       |   485 ||   485
  Dodge: Dodged            |    51 |    47 |    80 |   452 |   612 ||  1242
  Block: Buckler           |    11 |    27 |    56 |   102 |       ||   196
         Kite shield       |       |       |       |   112 |   569 ||   681

Table legend:
 A = Non-vault XP
 B = Vault XP
 C = Vault XP percentage of total XP
 D = Non-vault monster count
 E = Vault monster count
 F = Vault count percentage of total count
                 A         B        C        D         E       F
            +---------+---------+-------+---------+---------+-------
      Total |   64611 |   24421 |  27.4 |     430 |     115 |  21.1
            +---------+---------+-------+---------+---------+-------
        D:1 |      38 |       5 |  11.6 |      21 |       3 |  12.5
        D:2 |      25 |       0 |   0.0 |       8 |       0 |   0.0
        D:3 |      93 |       0 |   0.0 |      22 |       0 |   0.0
        D:4 |     473 |     230 |  32.7 |      33 |       7 |  17.5
        D:5 |     946 |     963 |  50.4 |      22 |       3 |  12.0
        D:6 |    1600 |       0 |   0.0 |      32 |       0 |   0.0
        D:7 |    1673 |       0 |   0.0 |      29 |       0 |   0.0
        D:8 |    1953 |       0 |   0.0 |      35 |       0 |   0.0
        D:9 |    3236 |     594 |  15.5 |      41 |      18 |  30.5
       D:10 |    1665 |       0 |   0.0 |       9 |       0 |   0.0
       D:11 |    5482 |     713 |  11.5 |      15 |       2 |  11.8
       D:12 |    4169 |    6364 |  60.4 |      18 |      12 |  40.0
       D:13 |    1403 |     745 |  34.7 |       6 |       2 |  25.0
     Lair:1 |    6014 |       0 |   0.0 |      22 |       0 |   0.0
     Lair:2 |    6460 |    2517 |  28.0 |      27 |       3 |  10.0
     Lair:3 |   10864 |     430 |   3.8 |      32 |       2 |   5.9
     Lair:4 |    5044 |       0 |   0.0 |      11 |       0 |   0.0
     Lair:5 |   11634 |   11860 |  50.5 |      38 |      63 |  62.4
    Abyss:2 |    1839 |       0 |   0.0 |       9 |       0 |   0.0
            +---------+---------+-------+---------+---------+-------
